 Dungeon Crawl Stone Soup version 0.31-a0-1612-g4aaf141 (webtiles) character file.

Game seed: 2215050033863064547

69 PidgeyThePirate the Ruffian (level 4, 32/32 HPs)
             Began as a Demonspawn Shapeshifter on Jan 9, 2024.
             Got out of the dungeon alive.
             The game lasted 00:02:38 (1881 turns).

PidgeyThePirate the Ruffian (DsSh)                  Turns: 1881, Time: 00:02:39

Health: 32/32      AC:  2    Str: 16    XL:     4   Next: 2%
Magic:  4/4        EV: 12    Int: 10    God:
Gold:   45         SH:  0    Dex: 15    Spells: 3/3 levels left

rFire   . .          .
                       - Unarmed
rCold   . . .        (no shield)
rNeg    + . .        a - +0 animal skin
rPois   .            (helmet currently unavailable)
rElec   .            (cloak currently unavailable)
rCorr   .            (gloves currently unavailable)
SInv    .            (boots currently unavailable)
Will    .....        (no amulet)
Stlth   +++          k - ring of positive energy
HPRegen 0.25/turn    (no ring)
MPRegen 0.09/turn

%: no passive effects
@: beast-form
A: beast (slay +1), hooves 1, thin skeletal structure 1, demonic magic 1
a: Begin Untransformation


You escaped.
You were a hulking beast.
You visited 1 branch of the dungeon, and saw 3 of its levels.

You collected 45 gold pieces.

Inventory:

Armour
 a - a +0 animal skin (worn)
 f - a +0 helmet
Jewellery
 k - a ring of positive energy (left hand)
Talismans
 c - a beast talisman
 d - a flux talisman
Scrolls
 e - a scroll of enchant weapon {unknown}
 j - 4 scrolls of identify {unknown}
 l - a scroll of poison {unknown}
 m - a scroll of fog {unknown}
Potions
 b - a potion of lignification
 g - 2 potions of enlightenment {unknown}
 h - a potion of cancellation {unknown}
 i - a potion of brilliance {unknown}


   Skills:
 + Level 1.1 Fighting
 + Level 2.0 Dodging
 + Level 1.2 Stealth
 + Level 3.5 Unarmed Combat
 + Level 3.2 Shapeshifting


You had 3 spell levels left.
You didn't know any spells.
Your spell library contained the following spells:

 Spells                   Type           Power      Damage    Failure   Level
 Magic Dart               Conj           0%         1d3       36%         1
 Blink                    Tloc           0%         N/A       50%         2
 Call Imp                 Summ           0%         N/A       50%         2


Dungeon Overview and Level Annotations

Branches:
Dungeon (3/15)

Altars:

Annotations:
D:2 1 runed translucent door, Crazy Yiuf


Innate Abilities, Weirdness & Mutations

You are a hulking beast.
Your limbs bulge with bestial killing power. (Slay +1)
You have large cloven feet.
You have a somewhat thin skeletal structure. (Dex +2, Stealth+)
Spells you cast may paralyse adjacent enemies.


Message History

The adder bites you.
You are poisoned.
The adder poisons you!
You feel sick. The adder misses you.
You feel sick.
You hit the adder. You kick the adder.
The adder is severely wounded.
You feel sick. The adder bites you.
You hit the adder.
The adder is almost dead.
You feel sick.
You are no longer poisoned.
The adder bites you.
You hit the adder.
You kill the adder!
Your Dodging skill increases to level 2!
You have reached level 4!
You feel agile.
Your demonic ancestry asserts itself...
A menacing aura infuses your magic.
There is an open door here.
HP restored.
There is a stone staircase leading up here.
You climb upwards.
Level annotation: 1 runed translucent door, Crazy Yiuf
There is a stone staircase leading down here.
There is a stone staircase leading up here.
You climb upwards.
There is a stone staircase leading down here.
You see here a +0 club.
You see here a +0 club.
There is a large open door here.
There is a large open door here.
There is a large open door here.
There is a large open door here.
There is a large open door here.
There is a large open door here.
There is an open door here.
There is a staircase leading out of the dungeon here.
You can't go down here!
You have escaped!

##.....#.# # #....#.#.# #
#....#.#.# # #....#.#.# # ######
#........# .....# #....#.#######
### .....###......≈≈≈≈≈≈≈ ##
##≈≈≈≈≈ ............##≈#######
#~♣~#≈####
.....#........≈#h...8####8####8..
.....#.....##.≈#.....'.......'...
.....########.≈#8...8##8#'#8##8..
###### #.≈###'######'######' #.≈#
#.##♣♣.....♣♣##. #.≈♣
8.#♣~.......~♣#.
#.≈#~#.8#.........#8.
######.≈###.##...~♣~...##.
#.......''..++...♣8♣...''.


There were no monsters in sight!

Vanquished Creatures
  3 adders
  A dart slug (D:1)
  4 endoplasms
  2 giant cockroaches (D:1)
  2 goblins (D:1)
  3 hobgoblins
  4 jackals (D:1)
  A quokka (D:2)
  4 ball pythons
  3 bats
  2 frilled lizards
  6 kobolds
  3 rats
38 creatures vanquished.

Notes
Turn   | Place    | Note
-------+----------+-------------------------------------------
     0 | D:1      | PidgeyThePirate the Demonspawn Shapeshifter began the quest
                  | for the Orb.
     0 | D:1      | Reached XP level 1. HP: 15/15 MP: 1/1
   173 | D:1      | Gained mutation: You have a somewhat thin skeletal
                  | structure. (Dex +2, Stealth+) [demonic ancestry]
   173 | D:1      | Reached XP level 2. HP: 19/21 MP: 2/2
   581 | D:1      | Gained mutation: You have large cloven feet. [demonic
                  | ancestry]
   581 | D:1      | Reached XP level 3. HP: 16/26 MP: 3/3
   918 | D:2      | Found a faded altar of an unknown god.
  1054 | D:2      | Reached skill level 1 in Stealth
  1474 | D:2      | Found a runed translucent door.
  1475 | D:2      | Noticed Crazy Yiuf
  1752 | D:3      | Gained mutation: Spells you cast may paralyse adjacent
                  | enemies. [demonic ancestry]
  1752 | D:3      | Reached XP level 4. HP: 22/32 MP: 4/4
  1881 | D:$      | Got out of the dungeon alive.

Illustrated notes

Levels and vault maps discovered:
D:1:      saegor_arrival_fortress, layout_basic
D:2:      layout_basic, dreamdust_ecumenical_altar_grove,
          uniq_crazy_yiuf_cottage
D:3:      layout_basic, general_overflow_altar

Skill      XL: |  1  2  3 |
---------------+----------+-----
Unarmed Combat | 3 |  3.5
Shapeshifting  | 3 |  3.2
Stealth        | 1 |  1.2
Dodging        | 2 |  2.0
Fighting       | |  1.1

Action                     |  1- 3 |  4- 6 || total
---------------------------+-------+-------++-------
  Melee: Unarmed           |    93 |       ||    93
         Punch             |     1 |       ||     1
         Kick              |     6 |       ||     6
   Stab: Sleeping          |     4 |       ||     4
         Distracted        |     1 |       ||     1
 Armour: Animal skin       |    60 |       ||    60
  Dodge: Dodged            |    51 |       ||    51

Table legend: (Time is in decaauts)
 A = Elapsed time spent in this place.
 B = Non-inter-level travel time spent in this place.
 C = Inter-level travel time spent in this place.
 D = Time resting spent in this place.
 E = Time spent auto-exploring this place.
 F = Levels seen in this place.
 G = Mean time per level.
                   A        B        C        D        E       F      G
               +--------+--------+--------+--------+--------+-----+--------+
         Total |   1876 |   1713 |    163 |      0 |   1364 |   3 |  625.3 |
       Dungeon |   1876 |   1713 |    163 |      0 |   1364 |   3 |  625.3 |
               +--------+--------+--------+--------+--------+-----+--------+

Top non-repeatable levels by time:
     D:1: 897 daAuts
     D:2: 775 daAuts
     D:3: 203 daAuts
